 Dungeon Sprint DCSS version 0.28-a0-883-gc8d7bad45d (webtiles) character file.

Game seed: 594997873686423529

59061 mhtbhm the Shatterer (level 14, -5/238 HPs)
             Began as a Minotaur Fighter on Nov 21, 2021.
             Was an Initiate of Gozag.
             Killed from afar by an ironbound frostheart (20 damage)
             ... by creeping frost
             ... in the Dungeon (Sprint IX: "|||||||||||||||||||||||||||||").
             The game lasted 00:11:34 (5587 turns).

mhtbhm the Shatterer (Minotaur Fighter)             Turns: 5587, Time: 00:11:35

Health: -5/238     AC: 19    Str: 27    XL:     14   Next: 51%
Magic:  13/13      EV: 14    Int:  5    God:    Gozag
Gold:   9993       SH: 16    Dex: 12    Spells: 13/13 levels left

rFire   + . .      SeeInvis .   a - +1 morningstar (vorpal)
rCold   + . .      Faith    .   c - +0 kite shield {reflect}
rNeg    . . .      Spirit   .   b - +3 chain mail
rPois   +          Reflect  +   (helmet restricted)
rElec   +          Harm     .   o - +0 cloak
rCorr   +          Rampage  .   d - +0 pair of gloves
Will    +....      NoTele   +   n - +0 pair of boots
Stlth   ..........              (no amulet)
HPRegen 0.49/turn               p - +3 ring of dexterity
MPRegen 0.13/turn               z - ring of poison resistance

@: berserking, resistant, frozen, corroded, gold aura, hasted, quick
A: horns 2, retaliatory headbutt
a: Renounce Religion, Potion Petition, Call Merchant, Bribe Branch


You were in the Dungeon.
You worshipped Gozag.
Gozag was greatly pleased with you.
You visited 1 branch You collected 18073 gold pieces.
You spent 1419 gold pieces at shops.
You paid 6661 gold pieces to Gozag.

Inventory:

Hand Weapons
 a - a +1 vorpal morningstar (weapon)
Armour
 b - a +3 chain mail (worn)
 c - a +0 kite shield of reflection (worn)
 d - a +0 pair of gloves (worn)
 n - a +0 pair of boots (worn)
 o - a +0 cloak (worn)
Jewellery
 p - a +3 ring of dexterity (left hand)
 z - a ring of poison resistance (right hand)
Wands
 k - a wand of iceblast (4)
Scrolls
 j - 3 scrolls of blinking
 l - 2 scrolls of amnesia
 r - 2 scrolls of identify
 u - 4 scrolls of enchant armour
 w - 4 scrolls of fear
 y - a scroll of immolation
Potions
 e - 3 potions of curing
 f - 9 potions of heal wounds
 g - a potion of haste
 h - 4 potions of magic
 i - a potion of resistance
 q - a potion of might
 s - a potion of mutation
 v - a potion of berserk rage


   Skills:
 + Level 24.3 Fighting
 + Level 25.0 Maces & Flails
 + Level 18.7 Armour
 + Level 12.3 Dodging
 + Level 10.6 Stealth
 + Level 22.7 Shields
 + Level 4.8 Evocations


You had 13 spell levels left.
You didn't know any spells.
Your spell library was empty.

Dungeon Overview and Level Annotations

Branches:
Dungeon (1/1)

Altars:
Cheibriados
Dithmenos
Elyvilon
Fedhas
Gozag
Hepliaklqana
Kikubaaqudgha
Makhleb
Nemelex Xobeh
Okawaru
Qazlal
Ru
Sif Muna
Trog
Uskayaw
Vehumet
Wu Jian
Xom
Yredelemnul
Zin
The Shining One
Beogh
Jiyva
Lugonu

Shops:
D =?([!(((


Innate Abilities, Weirdness & Mutations

You have a pair of horns on your head.
You reflexively headbutt those who attack you in melee.


Message History

The lindwurm is severely wounded.
The wizard shouts!
You hit the lindwurm.
The lindwurm is severely wounded.
The ice encasing you melts away. The lindwurm closely misses you.
You furiously retaliate!
You headbutt the lindwurm! The lindwurm barely misses you.
You block the lindwurm's attack.
You stick the lindwurm like a pincushion!!!
You kill the lindwurm!
The vault warden is no longer distracted by gold.
Your Maces & Flails skill increases to level 25!
Unknown command.
An ironbound preserver comes into view. It is wielding a +0 morningstar.
The ironbound preserver shouts!
The vault warden closely misses you.
The boulder beetle leaps!
You see here 108 gold pieces.
Unknown command.
You barely miss the vault warden. You headbutt the vault warden.
The vault warden is lightly wounded.
Unknown command.
You impale the vault warden!! Your headbutt misses the vault warden.
The vault warden is moderately wounded.
The wizard is no longer distracted by gold.
The yaktaur is distracted by your dazzling golden aura.
The vault warden hits you but does no damage.
The ironbound frostheart calls freezing cold from the walls.
The frost grips you!!! You partially resist.
* * * LOW HITPOINT WARNING * * *
You are encased in ice.
The yaktaur shouts!
You hit the vault warden. Your headbutt misses the vault warden.
The vault warden is heavily wounded.
You puncture the vault warden! Your headbutt misses the vault warden.
The vault warden is severely wounded.
The vault warden completely misses you.
The ironbound frostheart calls freezing cold from the walls.
The frost grips you!! You partially resist.
You die...
Your body crumbles into a pile of gold.

,,,,,,,+,,,,,,,,,,,,,+,,,,,,,,,,,
*********************************
,,,,,,,,,,,,,,,,,,,,,,,,,,,,,,,,,
*********************************
,,,,,,,,,,,,,,,,,,,,,,,,,,,,,,,,,
*********************************
,,,,,,,,,,,,,,,,,,,,,,,,,,,,,,,,,
*********▓▓▓▓▓▓▓▓▓▓▓▓▓▓▓▓▓▓▓▓▓▓▓▓
,,,,,,,,,pppc.pp@∩[[+.∩....)()[).
▓▓▓▓▓▓▓▓▓▓▓▓▓▓▓▓▓▓▓▓▓▓▓▓▓▓▓▓▓▓▓▓▓
.................................
▓▓▓▓▓▓▓▓▓▓▓▓♣♣♣♣♣♣♣♣♣♣▓▓▓▓▓▓▓▓▓▓▓
.'...)...)('.......))).........'.
▓▓▓▓▓▓▓▓▓▓▓▓♣♣♣♣♣♣♣♣♣♣▓▓▓▓▓▓▓▓▓▓▓
..........................)......
▓▓▓▓▓▓▓▓▓▓▓▓▓▓▓▓▓▓▓▓▓▓▓▓▓▓▓▓▓▓▓▓▓
..)))....).)..(..........[[[[[[[[


You could see an ironbound preserver, a vault warden, 2 ironbound frosthearts, a
yaktaur and a wizard.

Vanquished Creatures
  Agnes (D)
  Donald (D)
  A ghost moth (D)
  An emperor scorpion (D)
  2 stone giants (D)
  A very ugly thing (D)
  2 entropy weavers (D)
  Snorg (D)
  6 ettins (D)
  A fire dragon (D)
  Josephine (D)
  A rakshasa (D)
  3 ice dragons (D)
  4 hydras (D)
  An ironbound frostheart (D)
  A spriggan air mage (D)
  An ogre mage (D)
  9 two-headed ogres (D)
  A satyr (D)
  2 catoblepae (D)
  5 death yaks (D)
  An alligator (D)
  3 tengu warriors (D)
  2 deep troll earth magi (D)
  2 deep troll shamans (D)
  A shock serpent (D)
  A vampire mage (D)
  A salamander mystic (D)
  A sea snake (D)
  3 spriggan druids (D)
  A swamp dragon (D)
  A lindwurm (D)
  A wizard (D)
  A flayed ghost (D)
  2 naga ritualists (D)
  3 orc knights (D)
  An ironbound convoker (D)
  A bog body (D)
  A necromancer (D)
  3 cyclopes (D)
  A manticore (D)
  A mana viper (D)
  2 wolf spiders (D)
  2 ugly things (D)
  A moth of wrath (D)
  A guardian serpent (D)
  5 black mambas (D)
  A water nymph (D)
  A vault sentinel (D)
  3 cane toads (D)
  2 demonic crawlers (D)
  A komodo dragon (D)
  A tengu conjurer (D)
  3 jumping spiders (D)
  2 trolls (D)
  A meliai (D)
  A merfolk (D)
  A hornet (D)
  2 blink frogs (D)
  2 slime creatures (D)
  A shadow (D)
  A spriggan (D)
  A tarantella (D)
  5 wraiths (D)
  A water elemental (D)
  2 redbacks (D)
  Eustachio (D)
  2 yaks (D)
  3 vampire mosquitoes (D)
  An acid dragon (D)
  4 water moccasins (D)
  A floating eye (D)
  A black bear (shapeshifter) (D)
  4 ogres (D)
  12 orc warriors (D)
  A wolf (D)
  A necrophage (D)
  A centaur (D)
  A kobold brigand (D)
  2 bullfrogs (D)
  An orc priest (D)
  5 orc wizards (D)
  An adder (D)
  A white imp (D)
  5 orcs (D)
  A ball python (D)
  3 bats (D)
  An endoplasm (D)
  A jackal (D)
  A jackal zombie (D)
176 creatures vanquished.

Notes
Turn   | Place    | Note
-------+----------+-------------------------------------------
     0 | D        | mhtbhm the Minotaur Fighter began the quest for the Orb.
     0 | D        | Reached XP level 1. HP: 19/19 MP: 0/0
   122 | D        | Noticed a necrophage
   129 | D        | Reached skill level 3 in Maces & Flails
   129 | D        | Reached XP level 2. HP: 15/28 MP: 1/1
   134 | D        | Reached skill level 5 in Fighting
   134 | D        | Reached skill level 5 in Armour
   134 | D        | Reached skill level 5 in Shields
   136 | D        | Killed a necrophage
   137 | D        | Reached skill level 4 in Maces & Flails
   137 | D        | Reached XP level 3. HP: 22/38 MP: 2/2
   137 | D        | Reached XP level 4. HP: 26/45 MP: 3/3
   145 | D        | Found a snail-covered altar of Cheibriados.
   145 | D        | Found a shadowy altar of Dithmenos.
   145 | D        | Found a white marble altar of Elyvilon.
   145 | D        | Found a blossoming altar of Fedhas.
   145 | D        | Found an opulent altar of Gozag.
   146 | D        | Found a hazy altar of Hepliaklqana.
   147 | D        | Found a viscous altar of Jiyva.
   148 | D        | Found an ancient bone altar of Kikubaaqudgha.
   149 | D        | Found a corrupted altar of Lugonu.
   150 | D        | Found a burning altar of Makhleb.
   151 | D        | Found a sparkling altar of Nemelex Xobeh.
   152 | D        | Found an iron altar of Okawaru.
   153 | D        | Found a stormy altar of Qazlal.
   154 | D        | Found a sacrificial altar of Ru.
   155 | D        | Found a shimmering blue altar of Sif Muna.
   156 | D        | Found a bloodstained altar of Trog.
   157 | D        | Found a hide-covered altar of Uskayaw.
   163 | D        | Became a worshipper of Gozag Ym Sagoz the Greedy
   169 | D        | Found a radiant altar of Vehumet.
   170 | D        | Found an ornate altar of the Wu Jian Council.
   171 | D        | Found a shimmering altar of Xom.
   172 | D        | Found a basalt altar of Yredelemnul.
   173 | D        | Found a glowing silver altar of Zin.
   174 | D        | Found a glowing golden altar of the Shining One.
   269 | D        | Noticed a centaur
   269 | D        | Noticed a troll
   269 | D        | Noticed a two-headed ogre
   269 | D        | Noticed a kobold brigand
   269 | D        | Noticed a shadow
   273 | D        | Killed a shadow
   274 | D        | Reached skill level 6 in Maces & Flails
   274 | D        | Reached skill level 1 in Dodging
   274 | D        | Reached XP level 5. HP: 45/56 MP: 4/4
   276 | D        | Reached skill level 7 in Maces & Flails
   276 | D        | Reached XP level 6. HP: 52/63 MP: 5/5
   279 | D        | Killed a two-headed ogre
   280 | D        | Reached skill level 10 in Fighting
   280 | D        | Reached skill level 9 in Maces & Flails
   280 | D        | Reached skill level 10 in Armour
   280 | D        | Reached skill level 1 in Evocations
   280 | D        | Reached XP level 7. HP: 61/73 MP: 6/6
   283 | D        | Killed a troll
   284 | D        | Reached skill level 10 in Maces & Flails
   284 | D        | Reached XP level 8. HP: 64/82 MP: 7/7
   368 | D        | Noticed a troll
   368 | D        | Noticed a cyclops
   368 | D        | Noticed a tengu warrior
   368 | D        | Noticed a brown ugly thing
   382 | D        | Killed a cyclops
   383 | D        | Reached skill level 11 in Maces & Flails
   386 | D        | HP: 5/124 [acid (9)]
   388 | D        | Killed a brown ugly thing
   389 | D        | Reached skill level 12 in Maces & Flails
   389 | D        | Reached XP level 9. HP: 6/91 MP: 8/8
   390 | D        | Killed a tengu warrior
   391 | D        | Reached skill level 13 in Maces & Flails
   753 | D        | Killed a troll
  1040 | D        | Noticed a black mamba
  1041 | D        | Noticed a seven-headed hydra
  1051 | D        | Noticed a black mamba
  1057 | D        | Killed a seven-headed hydra
  1058 | D        | Reached skill level 14 in Maces & Flails
  1058 | D        | Reached skill level 1 in Stealth
  1062 | D        | Killed a black mamba
  1063 | D        | Reached XP level 10. HP: 50/102 MP: 9/9
  1072 | D        | Killed a black mamba
  1073 | D        | Reached skill level 15 in Maces & Flails
  1302 | D        | Noticed a cane toad
  1302 | D        | Noticed a death yak
  1302 | D        | Noticed a cane toad
  1305 | D        | Killed a cane toad
  1306 | D        | Noticed a seven-headed hydra
  1314 | D        | Killed a death yak
  1315 | D        | Reached skill level 16 in Maces & Flails
  1315 | D        | Reached skill level 5 in Dodging
  1316 | D        | Noticed a cane toad
  1325 | D        | Killed a seven-headed hydra
  1326 | D        | Reached skill level 15 in Fighting
  1328 | D        | Killed a cane toad
  1334 | D        | Reached skill level 17 in Maces & Flails
  1336 | D        | Killed a cane toad
  1479 | D        | Noticed a death yak
  1479 | D        | Noticed a catoblepas
  1479 | D        | Noticed a death yak
  1479 | D        | Noticed a death yak
  1479 | D        | Noticed a death yak
  1492 | D        | Killed a death yak
  1493 | D        | Reached skill level 15 in Shields
  1493 | D        | Reached XP level 11. HP: 99/114 MP: 10/10
  1499 | D        | Noticed a catoblepas
  1499 | D        | Killed a death yak
  1506 | D        | Killed a death yak
  1507 | D        | Reached skill level 18 in Maces & Flails
  1661 | D        | Killed a catoblepas
  1667 | D        | Killed a death yak
  1691 | D        | Killed a catoblepas
  1912 | D        | Noticed Josephine
  1925 | D        | Killed Josephine
  1926 | D        | Reached skill level 19 in Maces & Flails
  1926 | D        | Reached skill level 15 in Armour
  2067 | D        | Noticed an orc knight
  2074 | D        | Killed an orc knight
  2128 | D        | Noticed an orc knight
  2141 | D        | Killed an orc knight
  2148 | D        | Noticed an orc knight
  2169 | D        | Killed an orc knight
  2408 | D        | Found Jyadghye's Antique Armour Boutique.
  2408 | D        | Noticed a two-headed ogre
  2408 | D        | Noticed an ogre mage
  2408 | D        | Noticed a two-headed ogre
  2408 | D        | Noticed a two-headed ogre
  2408 | D        | Noticed a two-headed ogre
  2411 | D        | Killed a two-headed ogre
  2412 | D        | Reached skill level 20 in Maces & Flails
  2412 | D        | Reached XP level 12. HP: 107/128 MP: 11/11
  2414 | D        | Killed a two-headed ogre
  2416 | D        | Found Janurrorph's Antique Weapon Shop.
  2418 | D        | Paralysed by an ogre mage for 3 turns
  2422 | D        | Killed an ogre mage
  2424 | D        | Found Neuwywk's Magic Scroll Boutique.
  2427 | D        | Killed a two-headed ogre
  2434 | D        | Killed a two-headed ogre
  2435 | D        | Found Latudgh Ybig's Jewellery Shop.
  2437 | D        | Noticed a two-headed ogre
  2440 | D        | Noticed a two-headed ogre
  2442 | D        | Noticed a two-headed ogre
  2443 | D        | Noticed a two-headed ogre
  2445 | D        | Killed a two-headed ogre
  2449 | D        | Killed a two-headed ogre
  2454 | D        | Killed a two-headed ogre
  2455 | D        | Reached skill level 21 in Maces & Flails
  2462 | D        | Killed a two-headed ogre
  2517 | D        | Bought a scroll of acquirement for 676 gold pieces
  2517 | D        | Bought a scroll of fear for 45 gold pieces
  2517 | D        | Bought a scroll of magic mapping for 45 gold pieces
  2517 | D        | Bought a scroll of blinking for 97 gold pieces
  2525 | D        | Bought a scroll of immolation for 45 gold pieces
  2527 | D        | Bought a ring of poison resistance for 280 gold pieces
  2543 | D        | Acquired 760 gold pieces
  2588 | D        | Noticed Eustachio
  2591 | D        | Killed Eustachio
  2752 | D        | Noticed a seven-headed hydra
  2752 | D        | Noticed a tengu warrior
  2766 | D        | Reached skill level 5 in Stealth
  2766 | D        | Noticed a fire dragon
  2770 | D        | Killed a tengu warrior
  2771 | D        | Reached skill level 10 in Dodging
  2773 | D        | Noticed a deep troll shaman
  2780 | D        | Killed a seven-headed hydra
  2785 | D        | Noticed a rakshasa
  2786 | D        | Noticed an ettin
  2787 | D        | Noticed an ettin
  2798 | D        | Killed a fire dragon
  2809 | D        | Killed a deep troll shaman
  2817 | D        | Killed a rakshasa
  2820 | D        | Killed an ettin
  2821 | D        | Reached skill level 22 in Maces & Flails
  2824 | D        | Killed an ettin
  2825 | D        | Reached XP level 13. HP: 100/140 MP: 12/12
  2988 | D        | Noticed Agnes
  3000 | D        | Killed Agnes
  3070 | D        | Noticed an entropy weaver
  3091 | D        | Killed an entropy weaver
  4058 | D        | Reached skill level 23 in Maces & Flails
  4112 | D        | Killed a ghost moth
  4115 | D        | Noticed an emperor scorpion
  4135 | D        | Killed an emperor scorpion
  4718 | D        | Noticed Snorg
  4729 | D        | Killed Snorg
  4730 | D        | Reached skill level 10 in Stealth
  4734 | D        | Noticed Donald
  4754 | D        | Killed Donald
  4755 | D        | Reached XP level 14. HP: 116/155 MP: 13/13
  4881 | D        | Noticed a stone giant
  5081 | D        | Killed a stone giant
  5082 | D        | Reached skill level 24 in Maces & Flails
  5131 | D        | Noticed a stone giant
  5139 | D        | Paralysed by a floating eye for 2 turns
  5146 | D        | Killed a stone giant
  5440 | D        | Bought a runed morningstar for 231 gold pieces
  5544 | D        | Noticed a purple very ugly thing
  5555 | D        | Killed a purple very ugly thing
  5560 | D        | Noticed a vault warden
  5583 | D        | Reached skill level 25 in Maces & Flails
  5583 | D        | Noticed an ironbound preserver
  5587 | D        | Killed from afar by an ironbound frostheart

Illustrated notes

Levels and vault maps discovered:
D:        linesprint [early_d, line_temple, items_1, d_10, items_2, lair_1,
          lair_end, items_3, orc_1, orc_end, items_4, d_15, swamp_1, shoals_1,
          snake_1, spider_1, d_20, vaults_1, items_5, swamp_end, shoals_end,
          snake_end, spider_end, vaults_end, d_27, items_6, zot_1, zot_end,
          crypt_end, forest_end, elf_end, slime_end, tomb_end, abyss_end,
          pan_hell_end]

Skill      XL: |  1  2  3  4  5  6  7  8  9 10 11 12 13 14 |
---------------+-------------------------------------------+-----
Fighting       | 4 6 8 9 10 11 12 13 15 18 20 22 24 | 24.3
Armour         | 4 6 8 10 11 13 14 15 16 18 | 18.7
Shields        | 4 6 8 9 11 12 14 15 16 17 21 22 | 22.7
Maces & Flails | 3 4 6 7 9 10 12 14 17 20 22 23 25 | 25.0
Dodging        | 1 2 4 6 9 10 11 12 | 12.3
Evocations     | 1 2 3 4 |  4.8
Stealth        | 1 2 8 10 | 10.6

Action                   |  1- 3 |  4- 6 |  7- 9 | 10-12 | 13-15 || total
-------------------------+-------+-------+-------+-------+-------++-------
Melee: Flail             |    25 |     3 |       |       |       ||    28
       Headbutt          |     6 |     1 |    10 |    83 |   107 ||   207
       Morningstar       |       |     7 |    57 |   302 |   369 ||   735
Invok: Potion Petition   |       |       |       |     3 |     3 ||     6
       Call Merchant     |       |       |       |     2 |     2 ||     4
Evoke: Wand              |       |     2 |     5 |     5 |       ||    12
  Use: Potion            |       |     1 |     3 |     1 |     4 ||     9
       Scroll            |       |       |       |     1 |     3 ||     4
 Stab: Distracted        |       |       |       |     2 |     7 ||     9
       Invisible         |       |       |       |    16 |       ||    16
Armor: Scale mail        |    12 |       |    22 |    51 |       ||    85
       Chain mail        |       |       |       |    10 |   161 ||   171
Dodge: Dodged            |    16 |    10 |    27 |    90 |   108 ||   251
Block: Buckler           |     9 |     2 |    20 |    49 |       ||    80
       Tower shield      |       |       |       |    31 |   205 ||   236
       Kite shield       |       |       |       |       |    52 ||    52
       Reflection        |       |       |       |       |     1 ||     1

Table legend: (Time is in decaauts)
 A = Elapsed time spent in this place.
 B = Non-inter-level travel time spent in this place.
 C = Inter-level travel time spent in this place.
 D = Time resting spent in this place.
 E = Time spent auto-exploring this place.
 F = Levels seen in this place.
 G = Mean time per level.
                   A        B        C        D        E       F      G
               +--------+--------+--------+--------+--------+-----+--------+
         Total |   5466 |   5466 |      0 |   3114 |    116 |   1 | 5466.0 |
       Dungeon |   5466 |   5466 |      0 |   3114 |    116 |   1 | 5466.0 |
               +--------+--------+--------+--------+--------+-----+--------+

Top non-repeatable levels by time:
       D: 5466 daAuts
